 Dungeon Crawl Stone Soup version 0.29.0-4-gdea44cf6ec (webtiles) character file.

Game seed: 9506062507076407699

5838 qw the Grappler (level 10, 0/98 HPs)
             Began as a Troll Cinder Acolyte on Sept 2, 2022.
             Was a Believer of Ignis.
             Slain by a deep troll (8 damage)
             ... on level 8 of the Dungeon.
             The game lasted 00:03:36 (7032 turns).

qw the Grappler (Troll Cinder Acolyte)              Turns: 7032, Time: 00:03:36

Health: 0/98       AC: 20    Str: 28    XL:     10   Next: 51%
Magic:  10/10      EV:  9    Int: 10    God:    Ignis [**....]
Gold:   441        SH:  0    Dex:  5    Spells: 11/11 levels left

rFire   + . .      SeeInvis .     - Unarmed
rCold   . . .      Faith    .   (no shield)
rNeg    . . .      Spirit   .   a - +0 robe
rPois   .          Reflect  .   (helmet restricted)
rElec   .          Harm     .   c - +0 cloak {Will+}
rCorr   .          Rampage  .   (gloves unavailable)
Will    +....                   (boots unavailable)
Stlth   +.........              (no amulet)
HPRegen 1.06/turn               l - +4 ring of protection
MPRegen 0.12/turn               o - +4 ring of protection

@: fiery-armoured
A: large, unfitting armour, claws 3, regeneration 1, shaggy fur 1, tough skin 1
a: Renounce Religion, Fiery Armour, Foxfire Swarm, Rising Flame


You were on level 8 of the Dungeon.
You worshipped Ignis.
Ignis was pleased with you.
You visited 1 branch of the dungeon, and saw 8 of its levels.

You collected 441 gold pieces.


Innate Abilities, Weirdness & Mutations

You are too large for most types of armour.
You have claws for hands.
Your natural rate of healing is unusually fast.
You are covered in fur. (AC +1)
You have tough skin. (AC +1)


   Skills:
 + Level 5.8 Fighting
 - Level 1.3 Throwing
 - Level 2.9 Armour
 - Level 1.2 Dodging
 - Level 14.0 Unarmed Combat
 - Level 1.0 Spellcasting
 - Level 2.1 Fire Magic


You had 11 spell levels left.
You didn't know any spells.
Your spell library contained the following spells:

 Spells                   Type           Power      Damage    Failure   Level
 Scorch                   Fire           8%         2d5       22%         2

Inventory:

Armour
 a - a +0 robe (worn)
 b - a +2 cloak
 c - a +0 cloak of willpower (worn)
 m - +0 acid dragon scales
Jewellery
 d - an amulet of guardian spirit
 g - a ring of fire
 l - a +4 ring of protection (left claw)
 o - a +4 ring of protection (right claw)
Scrolls
 e - a scroll of vulnerability {unknown}
 h - a scroll of identify
Potions
 f - 3 potions of might
 i - 4 potions of curing
 j - a potion of haste
 k - a potion of magic {unknown}
 n - a potion of lignification {unknown}

Dungeon Overview and Level Annotations

Branches:
Dungeon (8/15)             Temple (0/1) D:5
   Lair: D:8-11

Altars:
Makhleb
Nemelex Xobeh
Qazlal
Vehumet

Annotations:
D:5 2 transporters
D:6 2 transporters, qw's ghost, novice TrCA


Message History

The deep troll bites you but does no damage.
The deep troll is burned by your cloak of flames.
The deep troll is lightly wounded.
The deep troll claws you but does no damage.
The deep troll is burned by your cloak of flames.
The deep troll is lightly wounded.
The deep troll claws you!
The deep troll is burned by your cloak of flames.
The deep troll is lightly wounded.
You mangle the deep troll!!
The deep troll is almost dead.
The deep troll bites you but does no damage.
The deep troll is burned by your cloak of flames.
The deep troll is almost dead.
The deep troll claws you! The deep troll closely misses you.
The deep troll bites you!
The deep troll is burned by your cloak of flames.
The deep troll is moderately wounded.
The deep troll claws you but does no damage. x2
The deep troll is burned by your cloak of flames.
The deep troll is moderately wounded.
You mangle the deep troll!!
You kill the deep troll!
The deep troll bites you.
The deep troll is burned by your cloak of flames.
The deep troll is moderately wounded.
The deep troll barely misses you. x2
You mangle the deep troll!!
The deep troll is severely wounded.
You scratch the deep troll but do no damage.
Your claw misses the deep troll.
The deep troll is severely wounded.
The deep troll bites you! The deep troll claws you!
The deep troll is burned by your cloak of flames.
The deep troll is severely wounded.
The deep troll claws you but does no damage.
You scratch the deep troll.
The deep troll is almost dead.
The deep troll bites you!
You die...

P~~~~~...# ###...###8.
.~~~~~.#....#....... ##.....####.
~~~P...#.##.# ......##..###..###.
~~~P~.##.##.# ......#####.....###
.~~.~.##.##.# ....##....<.)[)# #
~P~~~....##..##... #...?..).[)#
~~~~..#####..<##?# ###..)##)#[#
P~~P~.# #....#T# #........#
~~~~..# #.....@# #.......##
P~~%..# #......### #......#####
~~~~~.# ###.####...#.....#.....
~~~...#######.####...#...........
~~~P~.#.....#............##......
~~~~P.........####...#...##......
~~P~.........## .......#.8.....
~~~~..#.....## .#...)##.....
~~~~~.#.....# ##.#.###8..#


You could see a deep troll.

Vanquished Creatures
  2 two-headed ogres (D:8)
  2 deep trolls (D:8)
  Maggie (D:8)
  Sigmund (D:3)
  A shadow (D:8)
  2 vampire mosquitoes (D:6)
  An orc warrior (D:7)
  3 ice beasts
  A sky beast (D:8)
  An ogre (D:7)
  2 centaurs
  A phantom (D:5)
  3 gnoll sergeants
  A bullfrog (D:8)
  A scorpion (D:6)
  4 necrophages
  8 wights
  4 electric eels (D:8)
  A crimson imp (D:6)
  4 hounds
  A gnoll bouda (D:8)
  4 orc priests
  Jessica (D:2)
  4 iguanas
  4 orc wizards
  Robin (D:2)
  22 gnolls
  6 adders
  2 white imps (D:6)
  2 worms (D:3)
  21 orcs
  5 ball pythons
  6 endoplasms
  14 goblins
  8 hobgoblins
  2 jackals (D:3)
  3 quokkas
  4 bats (D:2)
  A frilled lizard (D:1)
  7 kobolds
  A rat (D:1)
163 creatures vanquished.

Vanquished Creatures (others)
  4 plants (D:8)
4 creatures vanquished.

Grand Total: 167 creatures vanquished

Notes
Turn   | Place    | Note
-------+----------+-------------------------------------------
     0 | D:1      | qw the Troll Cinder Acolyte began the quest for the Orb.
     0 | D:1      | Reached XP level 1. HP: 22/22 MP: 1/1
     0 | D:1      | 0 ||| qw: Version: 0.1-a-97-g2dd2ca4
     0 | D:1      | 0 ||| qw: Game counter: 4948
     0 | D:1      | 0 ||| qw: Always use a shield: true
     0 | D:1      | 0 ||| qw: God list: Okawaru
     0 | D:1      | 0 ||| qw: Allow faded altars: false
     0 | D:1      | 0 ||| qw: Do Orc after D:15 true
     0 | D:1      | 0 ||| qw: Do second Lair branch before Depths: true
     0 | D:1      | 0 ||| qw: Lair rune preference: random
     0 | D:1      | 0 ||| qw: Plans: Normal
     0 | D:1      | 0 ||| PLANNING D:1-11
     6 | D:1      | Noticed a wyvern
     6 | D:1      | Noticed a snapping turtle
     6 | D:1      | Noticed a salamander
     7 | D:1      | Noticed a redback
     7 | D:1      | Noticed a hound
   170 | D:1      | 170 ||| Stepping ~*~*~tactically~*~*~ (stealth).
   597 | D:1      | Reached XP level 2. HP: 28/29 MP: 2/2
   711 | D:1      | Found a faded altar of an unknown god.
   834 | D:1      | Reached skill level 4 in Unarmed Combat
   941 | D:1      | 941 ||| UPGRADING to +0 cloak of willpower.
   946 | D:1      | 946 ||| UPGRADING to ring of willpower.
   947 | D:1      | 947 ||| READING scroll labelled WIVUKO FUTSONI.
  1585 | D:2      | Reached XP level 3. HP: 36/36 MP: 3/3
  1810 | D:2      | Noticed Robin
  1814 | D:2      | 1814 ||| INVOKING Fiery Armour.
  1820 | D:2      | Killed Robin
  1901 | D:2      | Noticed Jessica
  1903 | D:2      | Killed Jessica
  1904 | D:2      | Reached skill level 5 in Unarmed Combat
  1904 | D:2      | Reached XP level 4. HP: 44/44 MP: 4/4
  2115 | D:2      | 2115 ||| READING scroll labelled HEZUGYASET.
  2116 | D:2      | 2116 ||| READING scroll labelled ZOIMAI KIFUNLO.
  2117 | D:2      | 2117 ||| READING scroll labelled OMAKER QATAR.
  2118 | D:2      | 2118 ||| Stepping randomly (stuck).
  2119 | D:2      | 2119 ||| Stepping ~*~*~tactically~*~*~ (cloud).
  2317 | D:3      | 2317 ||| Stepping ~*~*~tactically~*~*~ (hiding).
  2318 | D:3      | 2318 ||| Stepping ~*~*~tactically~*~*~ (hiding).
  2538 | D:3      | Noticed Sigmund
  2545 | D:3      | Killed Sigmund
  2546 | D:3      | Reached skill level 6 in Unarmed Combat
  2546 | D:3      | Reached XP level 5. HP: 45/50 MP: 5/5
  2546 | D:3      | Reached XP level 6. HP: 54/59 MP: 6/6
  2789 | D:3      | 2789 ||| READING scroll labelled YMISUY MAWADANIRA.
  2790 | D:3      | 2790 ||| READING 3 scrolls labelled BIF ZE INEHOUQ.
  2791 | D:3      | 2791 ||| READING scroll labelled FOETUF DEITAI.
  2792 | D:3      | 2792 ||| DRINKING 3 fuming pink potions.
  2793 | D:3      | 2793 ||| DROPPING 2 potions of attraction.
  2794 | D:3      | 2794 ||| DROPPING 2 scrolls of fog.
  2831 | D:4      | Reached skill level 7 in Unarmed Combat
  2946 | D:4      | 2946 ||| Stepping ~*~*~tactically~*~*~ (stealth).
  2967 | D:4      | 2967 ||| INVOKING Fiery Armour.
  2971 | D:4      | 2971 ||| Stepping ~*~*~tactically~*~*~ (outnumbered).
  3104 | D:4      | 3104 ||| Stepping ~*~*~tactically~*~*~ (hiding).
  3283 | D:4      | 3283 ||| Stepping ~*~*~tactically~*~*~ (stealth).
  3285 | D:4      | 3285 ||| Stepping ~*~*~tactically~*~*~ (hiding).
  3375 | D:4      | You fall into a shaft and drop 1 floor!
  3375 | D:5      | Entered Level 5 of the Dungeon
  3405 | D:5      | 3405 ||| Stepping ~*~*~tactically~*~*~ (stealth).
  3406 | D:5      | 3406 ||| Stepping ~*~*~tactically~*~*~ (stealth).
  3415 | D:5      | Reached skill level 8 in Unarmed Combat
  3419 | D:5      | Found a staircase to the Ecumenical Temple.
  3443 | D:5      | 3443 ||| DROPPING ring of flight.
  3444 | D:5      | 3444 ||| DROPPING ring of wizardry.
  3490 | D:4      | 3490 ||| Stepping ~*~*~tactically~*~*~ (stealth).
  3499 | D:4      | 3499 ||| Stepping ~*~*~tactically~*~*~ (outnumbered).
  3501 | D:4      | 3501 ||| Stepping ~*~*~tactically~*~*~ (outnumbered).
  3502 | D:4      | 3502 ||| Stepping ~*~*~tactically~*~*~ (outnumbered).
  3503 | D:4      | 3503 ||| Stepping ~*~*~tactically~*~*~ (outnumbered).
  3513 | D:4      | Reached XP level 7. HP: 35/66 MP: 7/7
  3808 | D:4      | 3808 ||| READING 2 scrolls of identify.
  3808 | D:4      | 3808 ||| IDENTIFYING amethyst potion
  3856 | D:5      | Reached skill level 3 in Fighting
  4032 | D:5      | Found a transporter.
  4144 | D:5      | Found a transporter.
  4374 | D:5      | 4374 ||| READING scroll labelled HUTTUBB BUCW.
  4375 | D:5      | 4375 ||| READING scroll labelled QOCOOC MUSU.
  4376 | D:5      | 4376 ||| READING 2 scrolls of identify.
  4376 | D:5      | 4376 ||| IDENTIFYING ruby potion
  4440 | D:6      | Noticed qw's ghost (novice TrCA)
  4442 | D:6      | Found a transporter.
  4448 | D:6      | Found a transporter.
  4531 | D:6      | Reached skill level 9 in Unarmed Combat
  4538 | D:6      | 4538 ||| Stepping ~*~*~tactically~*~*~ (outnumbered).
  4543 | D:6      | 4543 ||| INVOKING Fiery Armour.
  4544 | D:6      | 4544 ||| Stepping ~*~*~tactically~*~*~ (stealth).
  4548 | D:6      | Noticed a vampire mosquito
  4549 | D:6      | Noticed a vampire mosquito
  4551 | D:6      | Reached skill level 1 in Throwing
  4555 | D:6      | Reached skill level 1 in Dodging
  4555 | D:6      | Reached XP level 8. HP: 23/75 MP: 8/8
  4556 | D:6      | HP: 12/75 [vampire mosquito (7)]
  4557 | D:6      | 4557 ||| DRINKING potion of heal wounds.
  4559 | D:6      | 4559 ||| Stepping ~*~*~tactically~*~*~ (outnumbered).
  4575 | D:6      | Reached skill level 10 in Unarmed Combat
  4747 | D:6      | Found a burning altar of Makhleb.
  4747 | D:6      | Found a radiant altar of Vehumet.
  4749 | D:6      | 4749 ||| Stepping ~*~*~tactically~*~*~ (hiding).
  4750 | D:6      | 4750 ||| Stepping ~*~*~tactically~*~*~ (hiding).
  4751 | D:6      | 4751 ||| Stepping ~*~*~tactically~*~*~ (hiding).
  4892 | D:6      | 4892 ||| Stepping ~*~*~tactically~*~*~ (hiding).
  4965 | D:6      | 4965 ||| DROPPING amulet of magic regeneration.
  4966 | D:6      | 4966 ||| DROPPING ring of ice.
  4967 | D:6      | 4967 ||| UPGRADING to +4 ring of protection.
  4968 | D:6      | 4968 ||| READING scroll labelled OLOTED CUKURRY.
  5025 | D:7      | 5025 ||| Stepping ~*~*~tactically~*~*~ (stealth).
  5026 | D:7      | 5026 ||| Stepping ~*~*~tactically~*~*~ (stealth).
  5200 | D:7      | 5200 ||| Stepping ~*~*~tactically~*~*~ (outnumbered).
  5201 | D:7      | 5201 ||| Stepping ~*~*~tactically~*~*~ (outnumbered).
  5202 | D:7      | 5202 ||| Stepping ~*~*~tactically~*~*~ (outnumbered).
  5203 | D:7      | 5203 ||| Stepping ~*~*~tactically~*~*~ (outnumbered).
  5205 | D:7      | 5205 ||| FLEEEEING.
  5206 | D:7      | 5206 ||| FLEEEEING.
  5207 | D:7      | 5207 ||| FLEEEEING.
  5209 | D:7      | 5209 ||| FLEEEEING.
  5210 | D:7      | 5210 ||| FLEEEEING.
  5211 | D:7      | 5211 ||| FLEEEEING.
  5213 | D:7      | 5213 ||| Stepping ~*~*~tactically~*~*~ (hiding).
  5214 | D:7      | 5214 ||| Stepping ~*~*~tactically~*~*~ (hiding).
  5218 | D:7      | Noticed an eight-headed hydra
  5218 | D:7      | 5218 ||| INVOKING Fiery Armour.
  5219 | D:7      | 5219 ||| Stepping ~*~*~tactically~*~*~ (outnumbered).
  5220 | D:7      | 5220 ||| Stepping ~*~*~tactically~*~*~ (outnumbered).
  5221 | D:7      | 5221 ||| Stepping ~*~*~tactically~*~*~ (outnumbered).
  5222 | D:7      | 5222 ||| Stepping ~*~*~tactically~*~*~ (outnumbered).
  5223 | D:7      | HP: 18/78 [orc warrior/+0 long sword (11)]
  5232 | D:7      | HP: 19/78 [poisoned by a water moccasin]
  5233 | D:7      | 5233 ||| FLEEEEING.
  5234 | D:7      | 5234 ||| FLEEEEING.
  5235 | D:7      | 5235 ||| FLEEEEING.
  5236 | D:7      | 5236 ||| FLEEEEING.
  5237 | D:7      | 5237 ||| FLEEEEING.
  5237 | D:7      | HP: 16/78 [poisoned by a water moccasin]
  5238 | D:7      | 5238 ||| FLEEEEING.
  5239 | D:7      | 5239 ||| FLEEEEING.
  5240 | D:7      | 5240 ||| FLEEEEING.
  5241 | D:7      | 5241 ||| FLEEEEING.
  5242 | D:7      | 5242 ||| FLEEEEING.
  5243 | D:7      | 5243 ||| FLEEEEING.
  5244 | D:7      | 5244 ||| FLEEEEING.
  5245 | D:7      | 5245 ||| FLEEEEING.
  5246 | D:7      | 5246 ||| FLEEEEING.
  5247 | D:7      | 5247 ||| FLEEEEING.
  5248 | D:7      | 5248 ||| FLEEEEING.
  5249 | D:7      | 5249 ||| FLEEEEING.
  5250 | D:7      | 5250 ||| FLEEEEING.
  5253 | D:7      | 5253 ||| FLEEEEING.
  5254 | D:7      | 5254 ||| FLEEEEING.
  5260 | D:7      | 5260 ||| STAIRDANCE
  5300 | D:6      | 5300 ||| DRINKING 2 bubbling sapphire potions.
  5429 | D:7      | 5429 ||| Stepping ~*~*~tactically~*~*~ (outnumbered).
  5430 | D:7      | 5430 ||| Stepping ~*~*~tactically~*~*~ (outnumbered).
  5431 | D:7      | 5431 ||| Stepping ~*~*~tactically~*~*~ (outnumbered).
  5432 | D:7      | 5432 ||| Stepping ~*~*~tactically~*~*~ (outnumbered).
  5433 | D:7      | 5433 ||| Stepping ~*~*~tactically~*~*~ (outnumbered).
  5434 | D:7      | 5434 ||| Stepping ~*~*~tactically~*~*~ (outnumbered).
  5435 | D:7      | 5435 ||| Stepping ~*~*~tactically~*~*~ (outnumbered).
  5441 | D:7      | Reached skill level 11 in Unarmed Combat
  5441 | D:7      | Reached XP level 9. HP: 60/84 MP: 9/9
  5604 | D:7      | 5604 ||| Stepping ~*~*~tactically~*~*~ (hiding).
  5928 | D:7      | 5928 ||| UPGRADING to +4 ring of protection.
  5930 | D:7      | 5930 ||| DROPPING ring of ice.
  5931 | D:7      | 5931 ||| DROPPING ring of willpower.
  5932 | D:7      | 5932 ||| READING scroll labelled DYWKINWE ANACK.
  5971 | D:7      | 5971 ||| READING 2 scrolls of identify.
  5971 | D:7      | 5971 ||| IDENTIFYING golden potion
  5972 | D:7      | 5972 ||| DROPPING potion of flight.
  6016 | D:8      | 6016 ||| INVOKING Fiery Armour.
  6017 | D:8      | 6017 ||| Stepping ~*~*~tactically~*~*~ (outnumbered).
  6019 | D:8      | 6019 ||| Stepping ~*~*~tactically~*~*~ (outnumbered).
  6020 | D:8      | 6020 ||| Stepping ~*~*~tactically~*~*~ (outnumbered).
  6021 | D:8      | 6021 ||| Stepping ~*~*~tactically~*~*~ (outnumbered).
  6024 | D:8      | 6024 ||| Stepping ~*~*~tactically~*~*~ (outnumbered).
  6028 | D:8      | 6028 ||| Stepping ~*~*~tactically~*~*~ (outnumbered).
  6044 | D:8      | Reached skill level 12 in Unarmed Combat
  6045 | D:8      | 6045 ||| Stepping ~*~*~tactically~*~*~ (outnumbered).
  6050 | D:8      | HP: 18/85 [wight/+0 morningstar (7)]
  6239 | D:8      | Noticed a two-headed ogre
  6242 | D:8      | 6242 ||| INVOKING Fiery Armour.
  6243 | D:8      | Killed a two-headed ogre
  6244 | D:8      | 6244 ||| FLEEEEING.
  6245 | D:8      | 6245 ||| FLEEEEING.
  6246 | D:8      | 6246 ||| FLEEEEING.
  6247 | D:8      | 6247 ||| FLEEEEING.
  6249 | D:8      | 6249 ||| FLEEEEING.
  6251 | D:8      | 6251 ||| FLEEEEING.
  6252 | D:8      | 6252 ||| FLEEEEING.
  6253 | D:8      | 6253 ||| FLEEEEING.
  6254 | D:8      | 6254 ||| FLEEEEING.
  6255 | D:8      | 6255 ||| FLEEEEING.
  6256 | D:8      | 6256 ||| FLEEEEING.
  6260 | D:8      | 6260 ||| FLEEEEING.
  6261 | D:8      | 6261 ||| FLEEEEING.
  6262 | D:8      | 6262 ||| FLEEEEING.
  6263 | D:8      | 6263 ||| FLEEEEING.
  6264 | D:8      | 6264 ||| FLEEEEING.
  6265 | D:8      | 6265 ||| FLEEEEING.
  6266 | D:8      | 6266 ||| FLEEEEING.
  6267 | D:8      | 6267 ||| FLEEEEING.
  6268 | D:8      | 6268 ||| FLEEEEING.
  6269 | D:8      | 6269 ||| FLEEEEING.
  6270 | D:8      | 6270 ||| FLEEEEING.
  6271 | D:8      | 6271 ||| FLEEEEING.
  6272 | D:8      | 6272 ||| FLEEEEING.
  6273 | D:8      | 6273 ||| FLEEEEING.
  6274 | D:8      | 6274 ||| FLEEEEING.
  6275 | D:8      | 6275 ||| FLEEEEING.
  6276 | D:8      | 6276 ||| FLEEEEING.
  6277 | D:8      | 6277 ||| FLEEEEING.
  6278 | D:8      | 6278 ||| FLEEEEING.
  6279 | D:8      | 6279 ||| FLEEEEING.
  6280 | D:8      | 6280 ||| FLEEEEING.
  6281 | D:8      | 6281 ||| FLEEEEING.
  6282 | D:8      | 6282 ||| FLEEEEING.
  6283 | D:8      | 6283 ||| FLEEEEING.
  6284 | D:8      | 6284 ||| FLEEEEING.
  6285 | D:8      | 6285 ||| FLEEEEING.
  6286 | D:8      | 6286 ||| FLEEEEING.
  6287 | D:8      | 6287 ||| FLEEEEING.
  6288 | D:8      | 6288 ||| FLEEEEING.
  6290 | D:8      | 6290 ||| STAIRDANCE
  6304 | D:7      | 6304 ||| READING 2 scrolls of identify.
  6304 | D:7      | 6304 ||| IDENTIFYING brown potion
  6311 | D:8      | Reached skill level 13 in Unarmed Combat
  6339 | D:8      | Noticed a two-headed ogre
  6350 | D:8      | Killed a two-headed ogre
  6351 | D:8      | Reached XP level 10. HP: 34/96 MP: 10/10
  6467 | D:8      | 6467 ||| FLEEEEING.
  6468 | D:8      | 6468 ||| FLEEEEING.
  6473 | D:8      | 6473 ||| FLEEEEING.
  6473 | D:8      | Noticed Maggie
  6474 | D:8      | 6474 ||| FLEEEEING.
  6475 | D:8      | 6475 ||| FLEEEEING.
  6476 | D:8      | 6476 ||| FLEEEEING.
  6477 | D:8      | 6477 ||| FLEEEEING.
  6483 | D:8      | 6483 ||| FLEEEEING.
  6484 | D:8      | 6484 ||| FLEEEEING.
  6485 | D:8      | 6485 ||| FLEEEEING.
  6500 | D:8      | Killed Maggie
  6610 | D:8      | Found a sparkling altar of Nemelex Xobeh.
  6649 | D:8      | Found a stormy altar of Qazlal.
  6736 | D:8      | 6736 ||| FLEEEEING.
  6737 | D:8      | 6737 ||| FLEEEEING.
  6752 | D:8      | 6752 ||| INVOKING Fiery Armour.
  6754 | D:8      | 6754 ||| FLEEEEING.
  6759 | D:8      | 6759 ||| FLEEEEING.
  6760 | D:8      | 6760 ||| FLEEEEING.
  6932 | D:8      | 6932 ||| FLEEEEING.
  6933 | D:8      | 6933 ||| FLEEEEING.
  6935 | D:8      | 6935 ||| FLEEEEING.
  6936 | D:8      | 6936 ||| FLEEEEING.
  6942 | D:8      | 6942 ||| INVOKING Fiery Armour.
  7016 | D:8      | Noticed a deep troll
  7016 | D:8      | Noticed a deep troll
  7016 | D:8      | Noticed a deep troll
  7023 | D:8      | Killed a deep troll
  7024 | D:8      | Reached skill level 14 in Unarmed Combat
  7029 | D:8      | Killed a deep troll
  7031 | D:8      | HP: 15/98 [deep troll (16)]
  7031 | D:8      | HP: 7/98 [deep troll (8)]
  7032 | D:8      | Slain by a deep troll

Levels and vault maps discovered:
D:1:      onia_arrival_zoo_common, layout_basic,
          shapermc_ecumenical_altar_mp_ritualfount
D:2:      layout_basic, uniq_jessica, uniq_robin
D:3:      layout_rooms, bh_walls_and_bars, uniq_sigmund
D:4:      layout_loops_corners, grunt_ministairs_3
D:5:      gammafunk_cloud_chamber, layout_loops_ring, minmay_temple_entry_grid
D:6:      layout_rooms, grunt_temple_overflow_lords_of_destruction,
          gammafunk_ghost_hive
D:7:      layout_basic, kennysheep_cross_room
D:8:      hellmonk_crumbling_castle, layout_rooms,
          nicolae_overflow_quartered_altars, lemuel_doored_altar,
          grunt_qazlal_sundering, chequers_big_river,
          minmay_misc_feat_nine_boxes,
          hellmonk_guarded_unrand_vitality_bloodlust, uniq_maggie

Skill      XL: |  1  2  3  4  5  6  7  8  9 10 |
---------------+-------------------------------+-----
Unarmed Combat | 4 5 6 8 9 11 13 14 | 14.0
Fighting       | 3 4 5 |  5.8
Throwing       | 1 |  1.3
Dodging        | 1 |  1.2
Armour         | 2 |  2.9
Spellcasting   | |  1.0
Fire Magic     | |  2.1

Action                   |  1- 3 |  4- 6 |  7- 9 | 10-12 || total
-------------------------+-------+-------+-------+-------++-------
Melee: Unarmed           |    64 |   119 |   208 |    50 ||   441
       Punch             |     1 |     4 |     4 |     1 ||    10
Throw: Boomerang         |       |    34 |    33 |       ||    67
Invok: Fiery Armour      |     1 |     1 |     4 |     2 ||     8
  Use: Scroll            |     1 |     6 |     8 |       ||    15
       Potion            |       |     1 |     2 |       ||     3
Armor: Robe              |    22 |    29 |   113 |    31 ||   195
Dodge: Dodged            |    16 |    32 |    98 |    14 ||   160

Table legend:
 A = Non-vault XP
 B = Vault XP
 C = Vault XP percentage of total XP
 D = Non-vault monster count
 E = Vault monster count
 F = Vault count percentage of total count
                 A         B        C        D         E       F
            +---------+---------+-------+---------+---------+-------
      Total |    6040 |    2300 |  27.6 |     141 |      22 |  13.5
            +---------+---------+-------+---------+---------+-------
        D:1 |      30 |       0 |   0.0 |      11 |       0 |   0.0
        D:2 |      14 |      72 |  83.7 |       9 |      12 |  57.1
        D:3 |      64 |     226 |  77.9 |      17 |       1 |   5.6
        D:4 |     222 |      52 |  19.0 |      24 |       5 |  17.2
        D:5 |     331 |       0 |   0.0 |       9 |       0 |   0.0
        D:6 |     943 |      48 |   4.8 |      21 |       1 |   4.5
        D:7 |    1129 |       0 |   0.0 |      19 |       0 |   0.0
        D:8 |    3307 |    1902 |  36.5 |      31 |       3 |   8.8
            +---------+---------+-------+---------+---------+-------
